 Dungeon Crawl Stone Soup version 0.30-a0-718-geaa24f58ff (webtiles) character file.

Game seed: 6061325161465638854

24224 Lobster4 the Fighter (level 13, -12/166 HPs)
             Began as a Human Wanderer on Jan 25, 2023.
             Was a High Priest of Nemelex Xobeh.
             Mangled by Agnes
             ... wielding a +2 lajatang of speed
              (13 damage)
             ... on level 14 of the Dungeon.
             The game lasted 00:51:25 (13793 turns).

Lobster4 the Fighter (Human Wanderer)              Turns: 13793, Time: 00:51:26

Health: -12/166    AC: 30    Str: 15    XL:     13   Next: 41%
Magic:  0/17       EV:  2    Int: 12    God:    Nemelex Xobeh [*****.]
Gold:   712        SH:  6    Dex: 18    Spells: 17/18 levels left

rFire   . . .      SeeInvis .    i - +11 long sword of the Disbelieving Gods {elec, *Slow rElec Will+++ Dex+2}
rCold   . . .      Faith    .    a - +0 buckler
rNeg    . . .      Spirit   +    (body armour currently unavailable)
rPois   +          Reflect  .    (helmet currently unavailable)
rElec   +          Harm     .    (cloak currently unavailable)
rCorr   +          Rampage  .    (gloves currently unavailable)
Will    ++++.      NoTele   +    (boots currently unavailable)
Stlth   ++                       y - amulet of guardian spirit
HPRegen 0.47/turn                B - ring "Nongi Qydea" {Will+ AC+4}
MPRegen 0.15/turn                G - ring of resist corrosion

@: tree-form
A: stationary, stasis, torment immunity, boosted hp
a: Renounce Religion, Draw Escape, Draw Destruction, Draw Summoning, Triple
Draw, Deal Four, Stack Five


You were on level 14 of the Dungeon.
You worshipped Nemelex Xobeh.
Nemelex Xobeh was extremely pleased with you.
You were a tree.
You visited 2 branches of the dungeon, and saw 15 of its levels.

You collected 1158 gold pieces.
You spent 446 gold pieces at shops.

Inventory:

Hand Weapons
 i - the +11 long sword of the Disbelieving Gods (weapon) {elec, *Slow rElec Will+++ Dex+2}
   (You bought it in a shop on level 3 of the Dungeon)

   Dex:       It affects your dexterity (+2).
   rElec:     It insulates you from electricity.
   *Slow:     It may slow you when you take damage.
   Will:      It greatly increases your willpower.
 v - the +7 great mace "Undeadhunter" {deathbane, rN+}
   (You found it on level 3 of the Dungeon)

   rN:        It protects you from negative energy.
 N - a +6 great sword of flaming
 Y - a +1 sling of freezing
Missiles
 q - 7 boomerangs (quivered)
 E - 16 poisoned darts
 H - 6 javelins
Armour
 a - a +0 buckler (worn)
 b - a +1 cloak (melded)
 c - a +2 helmet (melded)
 m - a +1 leather armour of poison resistance (melded)
 r - a +2 pair of boots (melded)
 x - +0 acid dragon scales
 A - a +2 pair of gloves (melded)
 O - a +0 ring mail of fire resistance
 T - +0 steam dragon scales
Magical Staves
 s - a staff of cold
Jewellery
 y - an amulet of guardian spirit (around neck)
 B - the ring "Nongi Qydea" (left branch) {Will+ AC+4}
   (You found it on level 4 of the Dungeon)

   [ring of protection]

   AC:        It affects your AC (+4).
   Will:      It increases your willpower.
 D - a ring of positive energy
 G - a ring of resist corrosion (right branch)
 S - a ring of protection from cold
Wands
 n - a wand of flame (18)
 C - a wand of paralysis (4)
 R - a wand of light (10)
 V - a wand of digging (7)
 Z - a wand of roots (6)
Scrolls
 f - 2 scrolls of poison
 j - 3 scrolls of butterflies
 l - a scroll of teleportation
 o - a scroll of immolation
 J - a scroll of enchant armour
 K - 3 scrolls of fear
 M - a scroll of acquirement {unknown}
 P - 4 scrolls of enchant weapon
 U - a scroll of torment {unknown}
 W - a scroll of amnesia
 X - a scroll of fog
Potions
 d - 5 potions of curing
 e - 6 potions of haste
 g - 2 potions of resistance
 h - 3 potions of berserk rage
 p - 2 potions of brilliance
 t - 2 potions of invisibility
 u - a potion of flight
 w - 2 potions of ambrosia
 z - 4 potions of lignification
 L - 3 potions of magic
Miscellaneous
 F - a lightning rod (4/4)


   Skills:
 + Level 13.4 Fighting
 - Level 4.0(9.1) Short Blades
 + Level 12.6(12.9) Long Blades
 - Level 5.0 Maces & Flails
 - Level 3.0 Throwing
 - Level 5.0 Armour
 - Level 5.0 Dodging
 + Level 5.0 Shields
 - Level 3.0 Spellcasting
 - Level 3.0 Transmutations
 - Level 3.0 Invocations
 - Level 3.0 Evocations


You had 17 spell levels left.
You knew the following spells:

 Your Spells              Type           Power      Damage    Failure   Level
a - Beastly Appendage     Tmut           18%        N/A       9%          1

Your spell library contained the following spells:

 Spells                   Type           Power      Damage    Failure   Level
 Wereblood                Tmut           9%         N/A       14%         2
 Necrotise                Necr           4%         1d4       30%         1
 Blink                    Tloc           2%         N/A       43%         2
 Ensorcelled Hibernation  Hex/Ice        2%         N/A       43%         2
 Lesser Beckoning         Tloc           2%         N/A       43%         2
 Momentum Strike          Conj/Tloc      2%         3d8       43%         2
 Spider Form              Tmut/Pois      5%         N/A       45%         3
 Ignite Poison            Fire/Tmut/Pois 4%         N/A       52%         3
 Kindle Blastsparks       Fire/Tloc/Air  2%         2d10      67%         3
 Ozocubu's Armour         Ice            1%         N/A       67%         3
 Vampiric Draining        Necr           1%         2d6       67%         3
 Anguish                  Hex/Necr       0%         N/A       97%         4
 Agony                    Necr           1%         N/A       100%        5
 Summon Forest            Summ/Tloc      0%         N/A       100%        5
 Eringya's Noxious Bog    Tmut/Pois      2%         N/A       100%        6
 Ozocubu's Refrigeration  Ice            0%         4d7       100%        7
 Summon Hydra             Summ           0%         N/A       100%        7


Dungeon Overview and Level Annotations

Branches:
Dungeon (14/15)            Temple (1/1) D:4            Lair (0/5) D:8
    Orc (0/2) D:9          Vaults (0/5) D:14

Altars:
Ashenzari
Cheibriados
Dithmenos
Elyvilon
Fedhas
Gozag
Hepliaklqana
Kikubaaqudgha
Makhleb
Nemelex Xobeh
Okawaru
Qazlal
Ru
Sif Muna
Trog
Uskayaw
Vehumet
Wu Jian
Xom
Yredelemnul
Zin
The Shining One

Shops:
D:3 ([[   D:5 *

Annotations:
D:14 Agnes


Message History

Aiming: Bolt of Light
Press: ? - help, Shift-Dir - straight line, f - Agnes
Aim: Agnes, wielding a +2 lajatang of speed and wearing a +2 robe of the Archmagi (moderately wounded, 42% to hit)
The bolt of light hits Agnes!
Agnes is heavily wounded.
Agnes is blinded.
Aiming: Bolt of Light
Press: ? - help, Shift-Dir - straight line, f/p - Agnes
Aim: Agnes, wielding a +2 lajatang of speed and wearing a +2 robe of the Archmagi (heavily wounded, blind, 42% to hit)
The bolt of light hits Agnes!!
Agnes is severely wounded.
Aiming: Bolt of Light
Press: ? - help, Shift-Dir - straight line, f/p - Agnes
Aim: Agnes, wielding a +2 lajatang of speed and wearing a +2 robe of the Archmagi (severely wounded, blind, 42% to hit)
The bolt of light hits Agnes!
Agnes is severely wounded.
You block Agnes's attack. Agnes closely misses you.
Agnes hits you with a +2 lajatang of speed!!
* * * LOW HITPOINT WARNING * * *
Agnes barely misses you.
You slash Agnes!
Agnes is almost dead.
Agnes hits you with a +2 lajatang of speed!
* * * LOW HITPOINT WARNING * * *
Agnes hits you with a +2 lajatang of speed!
* * * LOW HITPOINT WARNING * * *
Okay, then.
It was a potion of lignification.
You turn into a tree.
Your +1 cloak melds into your body.
Your +2 helmet melds into your body.
Your +2 pair of gloves melds into your body.
Your +2 pair of boots melds into your body.
Your +1 leather armour of poison resistance melds into your body.
You no longer feel resistant to poison.
Your roots penetrate the ground.
You block Agnes's attack.
Agnes hits you with a +2 lajatang of speed!
* * * LOW HITPOINT WARNING * * *
Agnes hits you with a +2 lajatang of speed!
You die...
Your body glows with a rainbow of weird colours and disappears.

##........###....................
...........#.............).#.....
.............#............###....
...........................#.....
...†.......................#..#..
...#.#........)..............##..
..∩#........#................#..
...# ###..........#...# .....
........##.....##


You could see Agnes (blind).

Vanquished Creatures
  Louise (D:14)
  Josephine (D:11)
  Erolcha (D:10)
  A centaur warrior (D:14)
  A boulder beetle (D:11)
  3 two-headed ogres
  A tengu warrior (D:14)
  Lodul (D:12)
  A deep elf pyromancer (D:14)
  A deep elf zephyrmancer (D:13)
  A manticore (D:11)
  2 cyclopes
  4 ugly things
  Joseph (D:10)
  2 gargoyles
  2 komodo dragons
  3 trolls
  Grinder (D:3)
  Prince Ribbit (D:8)
  2 shadows
  6 slime creatures
  2 wyverns
  7 wraiths
  A vampire (D:11)
  2 yaks (shapeshifter)
  A basilisk (D:13)
  A human (shapeshifter) (D:14)
  13 yaks
  Grum (D:9)
  11 vampire mosquitoes
  A basilisk (shapeshifter) (D:14)
  2 steam dragons
  Edmund (D:6)
  3 acid dragons
  A water moccasin (D:9)
  A hornet zombie (D:7)
  2 ice beasts
  An orc warrior (D:8)
  A sky beast (D:7)
  A black bear (D:5)
  10 ogres
  2 centaurs (D:9)
  2 wolves (D:9)
  A kobold brigand (D:9)
  2 bullfrogs
  A gnoll sergeant (D:8)
  4 scorpions
  2 wyvern zombies (D:7)
  9 wights
  17 killer bees
  An electric eel (D:10)
  3 howler monkeys (D:8)
  A centaur zombie (D:7)
  Crazy Yiuf (D:4)
  2 gnoll boudas
  7 hounds
  A jelly (D:6)
  Natasha (thrice) (D:3 D:2)
  4 iguanas
  8 orc wizards
  Terence (D:3)
  A killer bee zombie (D:7)
  A howler monkey zombie (D:7)
  8 adders
  5 gnolls (D:8)
  A shadow imp (D:5)
  4 worms
  5 dart slugs
  18 orcs
  7 endoplasms
  3 giant cockroaches
  2 goblins
  5 hobgoblins
  8 quokkas
  11 ball pythons
  4 bats (D:2)
  3 kobolds
  4 rats
262 creatures vanquished.

Vanquished Creatures (others)
  2 withered plants (D:7)
2 creatures vanquished.

Grand Total: 264 creatures vanquished

Notes
Turn   | Place    | Note
-------+----------+-------------------------------------------
     0 | D:1      | Lobster4 the Human Wanderer began the quest for the Orb.
     0 | D:1      | Lobster4 set off with the following items: a +0 short
                  | sword, 3 throwing nets, a +0 leather armour, a potion of
                  | curing, a potion of haste.
     0 | D:1      | Reached XP level 1. HP: 16/16 MP: 1/1
   171 | D:1      | Found a faded altar of an unknown god.
   200 | D:1      | Reached XP level 2. HP: 21/22 MP: 2/2
   378 | D:1      | Reached skill level 1 in Armour
   610 | D:1      | Reached XP level 3. HP: 27/28 MP: 3/3
  1010 | D:2      | Reached XP level 4. HP: 10/34 MP: 4/4
  1181 | D:2      | Reached skill level 3 in Fighting
  1718 | D:3      | Found the +7 great mace "Undeadhunter" {deathbane, rN+}
  1797 | D:3      | Noticed Natasha
  1798 | D:3      | Noticed Grinder
  1901 | D:3      | Found Qoabetept's Armour Shoppe.
  1904 | D:3      | Bought a +0 pair of boots for 45 gold pieces
  2046 | D:3      | Killed Grinder
  2047 | D:3      | Reached skill level 1 in Maces & Flails
  2047 | D:3      | Reached skill level 1 in Throwing
  2047 | D:3      | Reached skill level 1 in Evocations
  2047 | D:3      | Reached XP level 5. HP: 41/41 MP: 5/5
  2047 | D:3      | Reached XP level 6. HP: 47/47 MP: 6/6
  2058 | D:3      | Found Acsos's Antique Weapon Emporium.
  2410 | D:3      | Killed Natasha
  2411 | D:3      | Reached skill level 5 in Dodging
  2421 | D:3      | Noticed Terence
  2429 | D:3      | Noticed Natasha
  2448 | D:3      | Killed Natasha
  2455 | D:3      | Killed Terence
  2458 | D:3      | Noticed Natasha
  2571 | D:2      | Killed Natasha
  2572 | D:2      | Reached XP level 7. HP: 23/53 MP: 7/7
  2812 | D:3      | Found Mitwoed's Armour Emporium.
  3095 | D:4      | Identified the ring "Nongi Qydea" {Will+ AC+4}
  3277 | D:4      | Reached skill level 4 in Fighting
  3599 | D:4      | Found a staircase to the Ecumenical Temple.
  3609 | Temple   | Entered the Ecumenical Temple
  3661 | Temple   | Became a worshipper of Nemelex Xobeh the Trickster
  3778 | D:4      | Found a runed translucent door.
  3779 | D:4      | Noticed Crazy Yiuf
  3878 | D:4      | Found a burning altar of Makhleb.
  3958 | D:5      | Entered Level 5 of the Dungeon
  4019 | D:3      | Bought a slimy long sword for 170 gold pieces
  4019 | D:3      | Identified the +11 long sword of the Disbelieving Gods
                  | {elec, *Slow rElec Will+++ Dex+2} (You bought it in a shop
                  | on level 3 of the Dungeon)
  4169 | D:5      | Reached skill level 1 in Long Blades
  4214 | D:5      | Reached XP level 8. HP: 61/61 MP: 8/8
  4437 | D:5      | Found Fieco's Assorted Antiques.
  4746 | D:6      | Reached skill level 5 in Fighting
  4799 | D:6      | Reached XP level 9. HP: 47/68 MP: 7/9
  4903 | D:6      | Noticed Edmund
  4909 | D:6      | Reached * piety under Nemelex Xobeh
  4920 | D:6      | Noticed a two-headed ogre
  4927 | D:6      | Killed Edmund
  5055 | D:6      | Killed a two-headed ogre
  5056 | D:6      | Reached skill level 6 in Fighting
  5056 | D:6      | Reached skill level 5 in Long Blades
  5056 | D:6      | Reached skill level 5 in Maces & Flails
  5128 | D:6      | Reached skill level 7 in Fighting
  5387 | D:6      | Received a gift from Nemelex Xobeh
  5561 | D:6      | Found a glowing golden altar of the Shining One.
  5750 | D:7      | Reached skill level 1 in Invocations
  5750 | D:7      | Reached XP level 10. HP: 66/79 MP: 7/10
  5959 | D:7      | Reached skill level 8 in Fighting
  6018 | D:7      | Reached ** piety under Nemelex Xobeh
  6096 | D:7      | Found a radiant altar of Vehumet.
  6751 | D:8      | Received a gift from Nemelex Xobeh
  7047 | D:8      | Noticed Prince Ribbit
  7053 | D:8      | Killed Prince Ribbit
  7054 | D:8      | Reached skill level 9 in Fighting
  7099 | D:8      | Noticed a two-headed ogre
  7119 | D:8      | Killed a two-headed ogre
  7208 | D:8      | Found a staircase to the Lair.
  7368 | D:8      | Got Zotigriq's Verses on Burning
  7867 | D:9      | Reached XP level 11. HP: 79/90 MP: 10/13
  7907 | D:9      | Reached *** piety under Nemelex Xobeh
  7972 | D:9      | Reached skill level 10 in Fighting
  8059 | D:9      | Noticed Grum
  8066 | D:9      | Killed Grum
  8069 | D:9      | Found a staircase to the Orcish Mines.
  8094 | D:9      | Learned a level 1 spell: Beastly Appendage
  8184 | D:9      | Received a gift from Nemelex Xobeh
  8362 | D:10     | Entered Level 10 of the Dungeon
  8389 | D:10     | Noticed Erolcha
  8409 | D:9      | Reached skill level 1 in Spellcasting
  8409 | D:9      | Reached skill level 1 in Transmutations
  8513 | D:10     | Killed Erolcha
  8839 | D:10     | Noticed Joseph
  8853 | D:10     | Killed Joseph
  8993 | D:10     | Received a gift from Nemelex Xobeh
  9214 | D:10     | Reached **** piety under Nemelex Xobeh
  9367 | D:11     | Noticed a boulder beetle
  9635 | D:4      | Killed Crazy Yiuf
  9722 | D:3      | Bought a +2 pair of boots for 231 gold pieces
  9938 | D:11     | Reached skill level 1 in Shields
  9942 | D:11     | Noticed a manticore
 10147 | D:11     | Killed a manticore
 10344 | D:11     | Received a gift from Nemelex Xobeh
 10634 | D:11     | Reached XP level 12. HP: 99/99 MP: 16/16
 10678 | D:11     | Killed a boulder beetle
 10679 | D:11     | Reached skill level 11 in Fighting
 10679 | D:11     | Reached skill level 10 in Long Blades
 10679 | D:11     | Reached skill level 5 in Armour
 10779 | D:11     | Noticed Josephine
 10803 | D:11     | Killed Josephine
 11210 | D:11     | Noticed a two-headed ogre
 11216 | D:11     | Killed a two-headed ogre
 11308 | D:12     | Noticed Lodul
 11315 | D:12     | Killed Lodul
 11533 | D:12     | Reached skill level 5 in Shields
 11850 | D:12     | Received a gift from Nemelex Xobeh
 11956 | D:12     | Reached skill level 12 in Fighting
 12404 | D:13     | Received a gift from Nemelex Xobeh
 12502 | D:13     | Reached XP level 13. HP: 105/109 MP: 14/17
 13135 | D:14     | Noticed a centaur warrior
 13165 | D:14     | Received a gift from Nemelex Xobeh
 13218 | D:14     | Killed a centaur warrior
 13258 | D:14     | Reached ***** piety under Nemelex Xobeh
 13301 | D:14     | Reached skill level 13 in Fighting
 13519 | D:14     | Found a broken altar of Ashenzari.
 13694 | D:14     | Noticed Louise
 13719 | D:14     | Killed Louise
 13740 | D:14     | Found a gate to the Vaults.
 13754 | D:14     | Received a gift from Nemelex Xobeh
 13778 | D:14     | Noticed Agnes
 13792 | D:14     | HP: 5/111 [Agnes/+2 lajatang of speed (11)]
 13793 | D:14     | HP: 1/166 [Agnes/+2 lajatang of speed (8)]
 13793 | D:14     | Mangled by Agnes

Illustrated notes

Levels and vault maps discovered:
D:1:      noname_arrival_rooms_in_the_neighbourhood, layout_rooms,
          hellmonk_ecumenical_altar_lost_god, minmay_box_of_dots
D:2:      layout_loops_ring, minmay_3d_cube
D:3:      layout_basic, serial_shops, shop, nicolae_lakefront_shop,
          nicolae_shop_behind_doors, minmay_strange_pillars, uniq_grinder,
          uniq_natasha, uniq_terence
D:4:      layout_basic, lightli_temple_of_fire, temple_hall,
          corexii_hall_statues_t, st_stairs_14, uniq_crazy_yiuf_cottage
D:5:      layout_basic, serial_shops, shop
D:6:      layout_basic, mainiacjoe_overflow_alcove_4,
          cheibrodos_sewer_entry_bend, hangedman_decor_opposing, hex_medium,
          uniq_edmund
D:7:      layout_loops_ring, nicolae_vehumet_radiance, serial_undead,
          serial_undead_d, serial_undead_c, serial_undead_c, serial_undead_b,
          serial_undead_b, serial_undead_b
D:8:      layout_loops_corners, dpeg_oklobed_lair, st_stairs_10,
          minmay_misc_feat_enclosed, kennysheep_generic_room_15,
          uniq_prince_ribbit1
D:9:      minmay_angry_zag, layout_cave_pools, uniq_grum
D:10:     layout_cave_pools, hangedman_abyss_or_decor_slice, minivault_4,
          nrook_campfire, uniq_erolcha, uniq_joseph
D:11:     layout_basic, uniq_josephine
D:12:     layout_basic, nicolae_titane, uniq_lodul
D:13:     layout_basic
D:14:     layout_cave_pools, david_vaults_2, nicolae_ashenzari_skybound,
          minmay_misc_feat_tower, hangedman_decor_diamond_cutter, uniq_louise,
          uniq_agnes
Temple:   hellmonk_temple_of_storms

Skill      XL: |  1  2  3  4  5  6  7  8  9 10 11 12 13 |
---------------+----------------------------------------+-----
Armour         | 1 2 3 4 5 |  5.0
Fighting       | 3 4 5 7 9 10 12 13 | 13.4
Maces & Flails | 1 2 4 5 |  5.0
Throwing       | 1 2 3 |  3.0
Evocations     | 1 2 3 |  3.0
Dodging        | 5 |  5.0
Long Blades    | 1 3 6 8 9 11 12 | 12.6
Invocations    | 1 3 |  3.0
Spellcasting   | 3 |  3.0
Transmutations | 3 |  3.0
Shields        | 2 5 |  5.0
Short Blades   | |  4.0

Action                     |  1- 3 |  4- 6 |  7- 9 | 10-12 | 13-15 || total
---------------------------+-------+-------+-------+-------+-------++-------
  Melee: Short sword       |   144 |   115 |   257 |       |       ||   516
         Punch             |     1 |     1 |     2 |     5 |       ||     9
         Long sword        |       |       |    51 |   414 |    79 ||   544
  Throw: Dart              |     5 |     9 |    40 |    16 |     4 ||    74
         Throwing net      |       |     5 |     3 |     1 |     3 ||    12
         Boomerang         |       |       |    14 |       |       ||    14
 Invoke: Draw Destruction  |       |       |       |     3 |       ||     3
  Evoke: Wand              |       |     4 |     9 |       |     6 ||    19
    Use: Scroll            |       |     5 |     5 |    11 |     6 ||    27
         Potion            |       |       |       |     2 |     1 ||     3
   Stab: Sleeping          |     3 |       |       |     1 |       ||     4
         Held in net/web   |       |       |     2 |       |       ||     2
         Invisible         |       |       |     3 |       |       ||     3
         Paralysed         |       |       |       |       |    11 ||    11
 Armour: Leather armour    |    23 |    29 |    96 |   176 |    19 ||   343
  Dodge: Dodged            |    72 |    66 |   155 |   280 |    26 ||   599
  Block: Buckler           |       |       |       |    33 |    24 ||    57

Table legend: (Time is in decaauts)
 A = Elapsed time spent in this place.
 B = Non-inter-level travel time spent in this place.
 C = Inter-level travel time spent in this place.
 D = Time resting spent in this place.
 E = Time spent auto-exploring this place.
 F = Levels seen in this place.
 G = Mean time per level.
                   A        B        C        D        E       F      G
               +--------+--------+--------+--------+--------+-----+--------+
         Total |  13718 |  12691 |   1027 |   1623 |   8514 |  15 |  914.5 |
       Dungeon |  13651 |  12638 |   1013 |   1623 |   8496 |  14 |  975.1 |
        Temple |     67 |     53 |     14 |      0 |     18 |   1 |   67.0 |
               +--------+--------+--------+--------+--------+-----+--------+

Top non-repeatable levels by time:
    D:11: 1434 daAuts
     D:8: 1328 daAuts
     D:2: 1201 daAuts
     D:3: 1164 daAuts
    D:12: 1061 daAuts
     D:4: 1043 daAuts
    D:10: 966 daAuts
     D:7: 952 daAuts
     D:6: 949 daAuts
    D:13: 801 daAuts
     D:5: 776 daAuts
     D:1: 698 daAuts
     D:9: 648 daAuts
    D:14: 623 daAuts
  Temple: 67 daAuts
